 Dungeon Crawl Stone Soup version 0.24-a0-170-gd8427f5 (console) character file.

Game seed: 13611586219838991586

51 Duffy the Sneak (level 3, -2/28 HPs)
             Began as a Naga Wizard on Mar 10, 2019.
             Slain by a black bear (3 damage)
             ... on level 1 of the Dungeon.
             The game lasted 00:02:07 (1860 turns).

Duffy the Sneak (Naga Wizard)                       Turns: 1860, Time: 00:02:08

Health: -2/28      AC:  2    Str:  9    XL:     3   Next: 83%
Magic:  4/7        EV: 10    Int: 19    God:
Gold:   31         SH:  0    Dex:  9    Spells: 1/8 levels left

rFire    . . .     SeeInvis +   e - +0 dagger
rCold    . . .     Gourm    .   (no shield)
rNeg     . . .     Faith    .   a - +0 robe
rPois    +         Spirit   .   b - +0 hat
rElec    .         Reflect  .   (no cloak)
rCorr    .         Harm     .   (no gloves)
MR       .....                  (no barding)
Stlth    ++........             (no amulet)
HPRegen  0.09/turn              (no ring)
MPRegen  0.10/turn              (no ring)

@: short of breath, very slow
A: large, see invisible, deformed body, poison resistance, slowness 2, slow
metabolism 1, spit poison 1, AC +1
a: Spit Poison


You were on level 1 of the Dungeon.
You were not hungry.

You visited 1 branch of the dungeon, and saw 2 of its levels.

You collected 31 gold pieces.

Inventory:

Hand Weapons
 e - a +0 dagger (weapon)
Armour
 a - a +0 robe (worn)
 b - a +0 hat (worn)
Jewellery
 h - an uncursed ring of flight
Scrolls
 c - a scroll of immolation {unknown}
 g - a scroll of identify {unknown}
 j - a scroll of amnesia {unknown}
Potions
 f - 2 potions of cancellation {unknown}
Comestibles
 d - 2 rations
 i - 5 chunks of flesh


   Skills:
 - Level 1.5 Dodging
 - Level 3.0 Stealth
 - Level 3.0 Spellcasting
 - Level 3.0 Conjurations
   Level 1.0 Summonings
   Level 1.0 Translocations
 + Level 1.1 Fire Magic
 + Level 1.4 Poison Magic


You had one spell level left.
You knew the following spells:

 Your Spells              Type           Power        Failure   Level  Hunger
h - Magic Dart            Conj           ##..         4%          1    None
k - Mephitic Cloud        Conj/Pois/Air  #.......     26%         3    ###....
l - Conjure Flame         Conj/Fire      ##......     21%         3    ###....

Your spell library contained the following spells:

 Spells                   Type           Power        Failure   Level  Hunger
 Blink                    Tloc           N/A          16%         2    ##.....
 Call Imp                 Summ           #.......     16%         2    ##.....
 Slow                     Hex            #.......     22%         2    ##.....


Dungeon Overview and Level Annotations

Branches:
Dungeon (2/15)

Altars:


Innate Abilities, Weirdness & Mutations

You cannot wear boots.
Your serpentine skin is tough. (AC +1)
You have supernaturally acute eyesight. (SInv)
Armour fits poorly on your strangely shaped body.
Your system is resistant to poisons. (rPois)
You cover ground very slowly.
You have a slow metabolism.
You can spit poison.


Message History

The black bear completely misses you. The black bear claws you.
The black bear bites you but does no damage.
The black bear claws you. x2
There is a stone staircase leading up here.
The black bear barely misses you. The black bear claws you. x2
You climb upwards.
There is a stone staircase leading down here.
Cast which spell? (? or * to list)
Aiming: Conjure Flame (safe; 21% risk of failure)
Press: ? - help, Dir - move target cursor The fire ignites!
The black bear bites you!
The black bear claws you but does no damage. x2
Press: ? - help, Shift-Dir - straight line, f - black bear
Aim: a black bear (moderately wounded)
The splash of poison hits the black bear but does no damage.
The black bear is poisoned.
The black bear is moderately wounded.
You feel slightly more hungry. The black bear bites you.
The black bear misses you. The black bear claws you.
You die...

..# ..# ########### ..#
#.........# ..# #.........#
#.# #.........# #.#
#.........# #.# #.........#
#.######........h##
......(.........0@##########
#.###..#.........###.......#
#.###..#...).....# #.#####.#
#..##..#.........# #.# #.#
##.##..#.........# #.# #.#
#.##..########### #.# #.#
#..#..# #.# #.# ##.#..# #.#
#.# #.#..# #.# #.#


You could see a black bear.

Vanquished Creatures
  An ooze (D:1)
  2 worms (D:1)
  A dart slug (D:1)
  A leopard gecko (D:1)
  5 bats
  A giant cockroach (D:1)
  6 goblins
  2 hobgoblins (D:1)
  6 jackals
  2 ball pythons (D:1)
  4 kobolds
  5 rats
36 creatures vanquished.

Notes
Turn   | Place    | Note
-------+----------+-------------------------------------------
     0 | D:1      | Duffy the Naga Wizard began the quest for the Orb.
     0 | D:1      | Reached XP level 1. HP: 15/15 MP: 4/4
   263 | D:1      | Reached XP level 2. HP: 18/22 MP: 6/6
  1047 | D:1      | Reached XP level 3. HP: 28/28 MP: 5/7
  1052 | D:1      | Learned a level 3 spell: Mephitic Cloud
  1056 | D:1      | Learned a level 3 spell: Conjure Flame
  1334 | D:2      | Noticed a black bear
  1470 | D:2      | Reached skill level 1 in Poison Magic
  1649 | D:2      | Reached skill level 1 in Fire Magic
  1860 | D:1      | HP: 1/28 [black bear (6)]
  1860 | D:1      | Slain by a black bear

Levels and vault maps discovered:
D:1:      nzn_arrival_settlement, layout_basic
D:2:      layout_rooms, first_ration, kennysheep_generic_room_13

Skill      XL: |  1  2  3 |
---------------+----------+-----
Conjurations   | 2 3 |  3.0
Poison Magic   | 1 |  1.4
Fire Magic     | 1 |  1.1
Dodging        | |  1.5
Stealth        | |  3.0
Spellcasting   | |  3.0
Summonings     | |  1.0
Translocations | |  1.0

Action                   || total
-------------------------++-------
Melee: Dagger            ||    32
 Cast: Magic Dart        ||    61
       Conjure Flame     ||     2
 Abil: Spit Poison       ||    17
 Stab: Sleeping          ||     4
  Eat: Chunk             ||     3
Armor: Robe              ||    11
Dodge: Dodged            ||    34

Table legend:
 A = Non-vault XP
 B = Vault XP
 C = Vault XP percentage of total XP
 D = Non-vault monster count
 E = Vault monster count
 F = Vault count percentage of total count
                 A         B        C        D         E       F
            +---------+---------+-------+---------+---------+-------
      Total |      74 |       0 |   0.0 |      36 |       0 |   0.0
            +---------+---------+-------+---------+---------+-------
        D:1 |      60 |       0 |   0.0 |      27 |       0 |   0.0
        D:2 |      14 |       0 |   0.0 |       9 |       0 |   0.0
            +---------+---------+-------+---------+---------+-------
